 Dungeon Crawl Stone Soup version 0.18.1-5-g4a78601 (webtiles) character file.

13 OfficerJojo the Charlatan (level 2, -2/14 HPs)
             Began as a Spriggan Artificer on May 11, 2016.
             Slain by Crazy Yiuf
             ... wielding a +2 quarterstaff of chaos
              (12 damage)
             ... on level 2 of the Dungeon.
             The game lasted 00:02:40 (766 turns).

OfficerJojo the Charlatan (Spriggan Artificer)       Turns: 766, Time: 00:02:41

Health: -2/14      AC:  2    Str:  7    XL:     2   Next: 24%
Magic:  6/6        EV: 18    Int: 13    God:
Gold:   120        SH:  0    Dex: 16    Spells: 0 memorised, 1 level left

rFire  . . .     SeeInvis +     a - +0 short sword
rCold  . . .     Gourm    .     b - +0 robe
rNeg   . . .     Faith    .     (shield restricted)
rPois  .         Spirit   .     (helmet restricted)
rElec  .         Dismiss  .     (no cloak)
rCorr  .         Reflect  .     (gloves unavailable)
SustAt .         Harm     .     (boots unavailable)
MR     .....                    (no amulet)
Stlth  ++........               (no ring)
                                (no ring)

@: slowed, quick, not resistant to hostile enchantments, unstealthy
A: unfitting armour, see invisible, herbivore 3, speed 3, slow metabolism 2
a: no special abilities


You were on level 2 of the Dungeon.
You were not hungry.

You visited 1 branch of the dungeon, and saw 2 of its levels.

You collected 120 gold pieces.

Inventory:

Hand Weapons
 a - a +0 short sword (weapon)
Armour
 b - a +0 robe (worn)
Wands
 c - a wand of flame (8/48)
 d - a wand of enslavement (13/24)
 e - a wand of random effects (15/48)
Scrolls
 h - a scroll of immolation {unknown}
 j - a scroll of identify {unknown}
 k - a scroll of remove curse {unknown}
Potions
 g - a potion of berserk rage {unknown}
 i - 2 potions of lignification {unknown}
 l - 2 potions of invisibility {unknown}
Comestibles
 f - a bread ration


   Skills:
 + Level 0.7 Fighting
 + Level 1.2 Short Blades
 + Level 3.3 Dodging
 + Level 1.5 Stealth
 + Level 4.7 Evocations


You had one spell level left.
You didn't know any spells.

Dungeon Overview and Level Annotations

Branches:
Dungeon (2/15)

Altars:

Annotations:
D:2 Crazy Yiuf


Innate Abilities, Weirdness & Mutations

You are tiny and cannot use many weapons and most armour.
You have supernaturally acute eyesight.
You are a herbivore.
You cover ground extremely quickly.
You need consume almost no food.


Message History

Aim: Crazy Yiuf, wielding a quarterstaff of chaos and wearing a cloak (heavily wounded, chance to defeat MR: 64%) Crazy Yiuf struggles to resist.
This wand has 14 charges left.
Crazy Yiuf grits, "Defame!
Seed tea disdain."
Crazy Yiuf hits you with a quarterstaff of chaos.
You feel yourself slow down.
Evoke which item? (* to show all) (? for menu, Esc to quit)
Zapping:
d - a wand of enslavement (14/24)
Press: ? - help, Shift-Dir - straight line, f/p - Crazy Yiuf
Aim: Crazy Yiuf, wielding a quarterstaff of chaos and wearing a cloak (heavily wounded, chance to defeat MR: 64%) Crazy Yiuf is charmed.
This wand has 13 charges left.
Evoke which item? (* to show all) (? for menu, Esc to quit)
Zapping:
c - a wand of flame (9/48)
Press: ? - help, Shift-Dir - straight line, p - Crazy Yiuf Really fire in your ally Crazy Yiuf's direction?
The puff of flame hits Crazy Yiuf.
Crazy Yiuf is severely wounded.
Crazy Yiuf is no longer charmed.
This wand has 8 charges left.
Crazy Yiuf hits you with a quarterstaff of chaos!
Ouch! That really hurt!
You die...

#. #####♣♣♣♣♣ #.
#..+...♣.♣♣♣ #. #....P..♣@g♣
#. # ##.....P♣♣♣♣.....# #.
#. ##...+.P♣♣ ♣#..)# #.## ..
#....##♣♣ ### #..###..
#....# #.<.#... #....#
###.#..#
#....##################....#
#.................[......#..
#................#..........


You could see Crazy Yiuf.

Vanquished Creatures
  2 dart slugs (D:1)
  A giant gecko (D:2)
  A giant cockroach (D:2)
  A hobgoblin (D:1)
  3 bats (D:1)
8 creatures vanquished.

Notes
Turn   | Place    | Note
--------------------------------------------------------------
     0 | D:1      | OfficerJojo the Spriggan Artificer began the quest for the Orb.
     0 | D:1      | Reached XP level 1. HP: 9/9 MP: 4/4
   342 | D:1      | Reached XP level 2. HP: 14/14 MP: 6/6
   757 | D:2      | Noticed Crazy Yiuf
   766 | D:2      | Slain by Crazy Yiuf

Action                   || total
-------------------------++-------
Melee: Short sword       ||    20
Evoke: Wand              ||     9
 Stab: Sleeping          ||     1
Dodge: Dodged            ||    17
